 Dungeon Crawl Stone Soup version 0.20-a0-1074-g6a0a8e1 (webtiles) character file.

46 Lochraine the Grave Robber (level 3, -3/25 (26) HPs)
             Began as a Ghoul Necromancer on Apr 29, 2017.
             Slain by Natasha (9 damage)
             ... on level 2 of the Dungeon.
             The game lasted 00:06:57 (1777 turns).

Lochraine the Grave Robber (Ghoul Necromancer)      Turns: 1777, Time: 00:06:58

HP:   -3/25 (26)    AC:  2    Str: 12    XL:     3   Next: 66%
MP:   2/5           EV: 12    Int: 10    God:
Gold: 121           SH:  0    Dex:  9    Spells: 1/6 levels left

rFire    . . .     SeeInvis .     - Unarmed
rCold    + . .     Gourm    .   (no shield)
rNeg     + + +     Faith    .   a - +0 robe
rPois    ∞         Spirit   .   (no helmet)
rElec    .         Reflect  .   (no cloak)
rCorr    .         Harm     .   (no gloves)
MR       .....                  (no boots)
Stlth    ++........             (no amulet)
Regen    0.0/turn               e - ring of wizardry
MPRegen  0.1/turn               (no ring)

@: very slightly contaminated, rotting, slowed, very slow
A: rotting body, claws 1, carnivore 3, cold resistance 1, negative energy
resistance 3, inhibited regeneration, torment resistance, unbreathing
a: no special abilities


You were on level 2 of the Dungeon.
You were not hungry.

You visited 1 branch of the dungeon, and saw 2 of its levels.

You collected 121 gold pieces.

Inventory:

Hand Weapons
 k - a +1 dagger of holy wrath
Armour
 a - a +0 robe (worn)
 o - a +0 ring mail
Jewellery
 e - a ring of wizardry (left claw)
Scrolls
 d - 2 scrolls of teleportation
 g - 3 scrolls of identify
 h - a scroll of amnesia {unknown}
 m - a scroll of fear {unknown}
 n - a scroll of blinking {unknown}
Potions
 f - 2 potions of curing
 i - a potion of might {unknown}
 j - a potion of haste {unknown}
 l - a potion of heal wounds {unknown}
Books
 b - a book of Necromancy

   Spells                             Type                      Level
   a - Pain                           Necromancy                   1
   b - Animate Skeleton               Necromancy                   1
   c - Vampiric Draining              Necromancy                   3
   d - Regeneration                   Charms/Necromancy            3
   e - Animate Dead                   Necromancy                   4
   f - Control Undead                 Necromancy                   4
Comestibles
 c - a meat ration


   Skills:
 - Level 1.7 Dodging
 - Level 2.1 Stealth
 * Level 1.2 Unarmed Combat
 + Level 2.4 Spellcasting
 + Level 4.5 Necromancy


You had one spell level left.
You knew the following spells:

 Your Spells              Type           Power        Failure   Level  Hunger
a - Pain                  Necr           ##..         1%          1    ##.....
b - Animate Skeleton      Necr           N/A          1%          1    ##.....
c - Vampiric Draining     Necr           ##........   6%          3    ####...


Dungeon Overview and Level Annotations

Branches:
Dungeon (2/15)

Altars:
Gozag

Annotations:
D:2 Natasha


Innate Abilities, Weirdness & Mutations

Your body is rotting away.
You thrive on raw meat.
You are immune to poison.
You have sharp fingernails.
You are carnivorous and can eat meat at any time.
Your flesh is cold resistant. (rC+)
You are immune to negative energy. (rN+++)
You do not regenerate when monsters are visible.
You are immune to unholy pain and torment.
You can survive without breathing.


Message History

Aim: Natasha You miscast Vampiric Draining.
You are very lightly contaminated with residual magic.
You sense a malignant aura.
The goblin barely misses you. Natasha closely misses you.
Casting: Vampiric Draining
Confirm with . or Enter, or press ? or * to list all spells.
You don't have enough magic to cast that spell.
You barely miss the goblin. The goblin closely misses you.
Natasha barely misses you.
You closely miss the goblin. The goblin hits you with a club.
Natasha stares at you and mumbles some strange words.
You feel yourself slow down.
You miss the goblin. The goblin hits you with a club. Natasha claws you.
* * * LOW HITPOINT WARNING * * *
The goblin barely misses you.
Natasha wildly gestures.
Natasha shimmers violently.
Natasha claws you!
You die...

#...###......#.#.#.#.
#.......#....#.#.#.#.
#..>.................
#..#....#......#.#...
#.......#.#..##......
#.......#.#..##......
#.......#.#..##......
#...gh.)#.#..###.###.
#...@.....#......# #.
#########...#'#...#......# #.
#...........#.#.Z.'......# #.
#.###########.###.#......###.
#.#...# #.....#........(...#.
#.#.#.###.#####.#......#...#.
#.#.#...........#..........#.
#.#.#####.####..#Z####.#####.
#.#.....#.......#.# #.# #.


You could see Natasha and a goblin.

Vanquished Creatures
  An adder (D:2)
  An ooze (D:1)
  2 dart slugs
  3 bats (D:2)
  A giant cockroach (D:2)
  2 goblins
  2 hobgoblins (D:1)
  3 jackals (D:1)
  3 kobolds (D:1)
  A quokka (D:2)
  5 frilled lizards
  2 rats (D:2)
26 creatures vanquished.

Vanquished Creatures (collateral kills)
  A ball python (D:1)
1 creature vanquished.

Grand Total: 27 creatures vanquished

Notes
Turn   | Place    | Note
-------+----------+-------------------------------------------
     0 | D:1      | Lochraine the Ghoul Necromancer began the quest for the Orb.
     0 | D:1      | Reached XP level 1. HP: 14/14 MP: 2/2
     2 | D:1      | Learned a level 1 spell: Animate Skeleton
   191 | D:1      | Reached XP level 2. HP: 17/20 MP: 0/4
   778 | D:2      | Reached XP level 3. HP: 25/26 MP: 5/5
   793 | D:2      | Noticed Natasha
  1021 | D:2      | Reached skill level 1 in Unarmed Combat
  1391 | D:2      | Found an opulent altar of Gozag.
  1497 | D:2      | Learned a level 3 spell: Vampiric Draining
  1777 | D:2      | Slain by Natasha

Vault maps used:
D:1:      scummos_arrival_simple_crosswalls
D:2:      nicolae_gozag_cash_rules_everything_around_me, uniq_natasha

Skill      XL: |  1  2  3 |
---------------+----------+-----
Spellcasting   | 2 |  2.4
Unarmed Combat | 1 |  1.2
Dodging        | |  1.7
Stealth        | |  2.1
Necromancy     | |  4.5

Action                   || total
-------------------------++-------
Melee: Unarmed           ||   118
 Cast: Pain              ||    23
       Animate Skeleton  ||     7
  Use: Scroll            ||     2
       Potion            ||     1
 Stab: Sleeping          ||     1
  Eat: Chunk             ||     7
Armor: Robe              ||    24
Dodge: Dodged            ||    77
